 Dungeon Crawl Stone Soup version 0.31-a0-459-gc8a9bf3d51 (webtiles) character file.

Game seed: 4010097737864363309

5574 Ethylacetat the Fighter (level 10, -15/84 HPs)
             Began as a Vine Stalker Monk on Aug 4, 2023.
             Was a High Priest of Makhleb.
             Demolished by Snorg (19 damage)
             ... on level 10 of the Dungeon.
             The game lasted 00:11:29 (7285 turns).

Ethylacetat the Fighter (Vine Stalker Monk)         Turns: 7285, Time: 00:11:29

Health: -15/84     AC:  5    Str: 14    XL:     10   Next: 72%
Magic:  0/21       EV: 13    Int: 13    God:    Makhleb [*****.]
Gold:   518        SH:  0    Dex: 21    Spells: 23/23 levels left

rFire   . . .        E - +9 dagger of the Boiling Point {drain, rN+ Int+3}
rCold   . . .        c - orb {light}
rNeg    + . .        I - +0 steam dragon scales
rPois   +            (helmet currently unavailable)
rElec   .            (cloak currently unavailable)
rCorr   .            (gloves currently unavailable)
SInv    +            (boots currently unavailable)
Will    +....        m - amulet of regeneration Stlth
                     t - ring of poison resistance
HPRegen 1.94/turn    D - ring of see invisible
MPRegen 0.17/turn

%: guardian spirit
@: berserking, beast-form, glowing, studying Fighting, very quick
A: beast (slay +5), fangs 3, regeneration 1, magic shield, antimagic bite, no
potion heal 2
a: Begin Untransformation, Renounce Religion, Minor Destruction, Lesser Servant
of Makhleb, Major Destruction, Greater Servant of Makhleb


You were on level 10 of the Dungeon.
You worshipped Makhleb.
Makhleb was extremely pleased with you.
You were a hulking beast.
You visited 2 branches of the dungeon, and saw 11 of its levels.

You collected 606 gold pieces.
You spent 88 gold pieces at shops.

Inventory:

Hand Weapons
 E - the +9 dagger of the Boiling Point (weapon) {drain, rN+ Int+3}
   (You found it on level 6 of the Dungeon)

   Int:       It affects your intelligence (+3).
   rN:        It protects you from negative energy.
Armour
 c - an orb of light (worn)
 g - a +0 buckler
 I - +0 steam dragon scales (worn)
Jewellery
 m - an amulet of regeneration (around neck)
 t - a ring of poison resistance (left hand)
 D - a ring of see invisible (right hand)
Talismans
 n - a beast talisman (active)
Wands
 a - a wand of iceblast (5)
 l - a wand of acid (10)
 v - a wand of flame (16)
 y - a wand of mindburst (12)
Scrolls
 d - 2 scrolls of teleportation {unknown}
 e - 9 scrolls of identify {unknown}
 i - a scroll of torment {unknown}
 j - 2 scrolls of vulnerability {unknown}
 k - 2 scrolls of enchant armour {unknown}
 o - a scroll of enchant weapon {unknown}
 p - 2 scrolls of amnesia {unknown}
 q - a scroll of blinking {unknown}
 s - 2 scrolls of immolation {unknown}
 u - a scroll of brand weapon {unknown}
 w - a scroll of revelation {unknown}
 A - a scroll of fog {unknown}
 G - a scroll of poison {unknown}
Potions
 b - a potion of ambrosia
 f - a potion of might {unknown}
 h - 4 potions of curing
 r - 3 potions of heal wounds {unknown}
 z - a potion of mutation {unknown}
 B - 2 potions of lignification {unknown}
 C - a potion of berserk rage
 F - 3 potions of haste {unknown}
 H - a potion of magic {unknown}
Miscellaneous
 x - a lightning rod (4/4)


   Skills:
 + Level 8.3 Fighting
 + Level 4.2 Short Blades
 - Level 2.6 Polearms
 - Level 2.4 Dodging
 - Level 4.3 Unarmed Combat
 + Level 7.1 Spellcasting
 * Level 8.2 Shapeshifting


You had 23 spell levels left.
You didn't know any spells.
Your spell library was empty.

Dungeon Overview and Level Annotations

Branches:
Dungeon (10/15)            Temple (1/1) D:6
   Lair: D:8-11         Orc: D:9-12

Altars:
Ashenzari
Cheibriados
Dithmenos
Elyvilon
Fedhas
Gozag
Hepliaklqana
Kikubaaqudgha
Makhleb
Nemelex Xobeh
Okawaru
Qazlal
Ru
Sif Muna
Trog
Uskayaw
Vehumet
Wu Jian
Xom
Yredelemnul
Zin
The Shining One

Shops:
D:5 !   D:8 :   D:9 =

Annotations:
D:10 Snorg


Innate Abilities, Weirdness & Mutations

You are a hulking beast.
Your limbs bulge with bestial killing power. (Slay +5)
You have razor-sharp teeth.
Your natural rate of healing is unusually fast.
When hurt, damage is shared between your health and your magic reserves.
Your bite disrupts and absorbs the magic of your enemies.
Potions cannot restore your health.


Message History

You feel better. The orc closely misses you. x2
You barely miss the orc. Your bite misses the orc.
The orc hits you but does no damage. The orc hits you with a +0 dagger.
You puncture the orc!
You kill the orc!
Makhleb accepts your kill. The orc completely misses you.
You puncture the orc!
You kill the orc!
Makhleb accepts your kill.
No target in view!
B - 2 glowing yellow potions (gained 1)
Things that are here:
a +0 short sword; an orc corpse You now have 518 gold pieces (gained 18).
Things that are here:
a +0 dagger; a +0 ring mail Snorg the Insatiable comes into view.
Snorg goes berserk!
You puncture Snorg! You bite Snorg! You drain her power.
Snorg is lightly wounded.
Snorg bites you. Snorg claws you! Snorg claws you. Snorg barely misses you.
Snorg claws you! x2
You are too injured to fight recklessly!
You are too injured to fight recklessly!
You are too injured to fight recklessly!
You hit Snorg. You drain Snorg. You bite Snorg. You drain her power.
You feel invigorated.
Snorg is lightly wounded.
Snorg bites you! Snorg closely misses you. Snorg claws you!
You puncture Snorg!
Snorg is moderately wounded.
Snorg bites you!!
* * * LOW HITPOINT WARNING * * *
Snorg claws you!
* * * LOW HITPOINT WARNING * * *
Snorg barely misses you.
A red film seems to cover your vision as you go berserk!
You feel yourself moving faster!
You feel mighty! Snorg bites you!!
You die...

###...........#
.......)))....#
#....).)...##
#.....))...+..#
#..........##.#
#.........>.#.#
######...###...#.#
#.# .........#
#...#.# #.#
.......h.# #...#.#
#.# .......T.#
#...#.# #.#
..####..!#
#...#'####.# .
#...# ####....##.#
#...# #....##.##
#...# #.........
##### #######.##
#..).# #.#..#


You could see Snorg (berserk, drained).

Vanquished Creatures
  A two-headed ogre (D:8)
  Psyche (D:10)
  Prince Ribbit (D:6)
  A steam dragon (D:8)
  Menkaure (D:6)
  Edmund (D:4)
  An acid dragon (D:9)
  A water moccasin (D:6)
  Duvessa (D:7)
  4 ice beasts
  2 sky beasts
  2 black bears (D:5)
  2 orc warriors
  2 ogres
  3 centaurs
  A phantom (D:6)
  Blork the orc (D:4)
  3 kobold brigands
  4 bullfrogs
  A gnoll sergeant (D:7)
  2 scorpions
  A wight (D:6)
  Dowan (D:7)
  11 killer bees
  A quasit (D:7)
  4 jellies
  5 hounds
  An orc priest (D:10)
  4 iguanas
  4 sleepcaps
  Terence (D:2)
  7 orc wizards
  11 adders
  10 gnolls
  2 shadow imps
  3 white imps (D:7)
  6 ufetubi
  6 dart slugs
  25 orcs
  9 bats
  9 endoplasms
  3 giant cockroaches
  6 goblins
  7 hobgoblins
  4 jackals (D:1)
  5 quokkas
  8 ball pythons
  2 frilled lizards (D:1)
  20 kobolds
  3 rats
215 creatures vanquished.

Notes
Turn   | Place    | Note
-------+----------+-------------------------------------------
     0 | D:1      | Ethylacetat the Vine Stalker Monk began the quest for the
                  | Orb.
     0 | D:1      | Reached XP level 1. HP: 11/11 MP: 2/2
   147 | D:1      | Reached XP level 2. HP: 15/16 MP: 3/3
   363 | D:1      | Reached skill level 1 in Spellcasting
   442 | D:1      | Reached XP level 3. HP: 17/20 MP: 5/5
   603 | D:1      | Found a faded altar of an unknown god.
   617 | D:1      | Prayed at the altar of an unknown god.
   617 | D:1      | Became a worshipper of Makhleb the Destroyer
   617 | D:1      | Reached * piety under Makhleb
   617 | D:1      | Reached ** piety under Makhleb
   907 | D:2      | Identified the +6 spear of the Evil Eye {drain, Fragile
                  | Will+++}
  1006 | D:2      | Reached *** piety under Makhleb
  1250 | D:2      | Noticed Terence
  1260 | D:2      | Killed Terence
  1261 | D:2      | Gained mutation: Your natural rate of healing is unusually
                  | fast. [Vine Stalker growth]
  1261 | D:2      | Reached XP level 4. HP: 20/24 MP: 4/7
  1696 | D:3      | Found a radiant altar of Vehumet.
  1696 | D:3      | Found a broken altar of Ashenzari.
  1756 | D:3      | Reached XP level 5. HP: 28/28 MP: 8/8
  1887 | D:3      | Found an ancient bone altar of Kikubaaqudgha.
  1894 | D:3      | Found a shadowy altar of Dithmenos.
  1941 | D:3      | Found an iron altar of Okawaru.
  1943 | D:3      | Found a bloodstained altar of Trog.
  1950 | D:3      | Found a snail-covered altar of Cheibriados.
  2237 | D:4      | Reached skill level 1 in Shapeshifting
  2319 | D:4      | Noticed Blork the orc
  2327 | D:4      | Killed Blork the orc
  2328 | D:4      | Reached XP level 6. HP: 32/33 MP: 7/10
  2490 | D:4      | Reached **** piety under Makhleb
  2831 | D:4      | Reached XP level 7. HP: 32/37 MP: 10/12
  2831 | D:4      | Noticed Edmund
  2844 | D:4      | Killed Edmund
  3266 | D:5      | Entered Level 5 of the Dungeon
  3361 | D:5      | Gained mutation: You have razor-sharp teeth. [Vine Stalker
                  | growth]
  3361 | D:5      | Reached XP level 8. HP: 37/42 MP: 9/15
  3442 | D:5      | Found Pesob's Distillery.
  3571 | D:5      | Reached skill level 1 in Polearms
  3577 | D:5      | Reached skill level 5 in Fighting
  3762 | D:5      | Bought a potion of berserk rage for 55 gold pieces
  3762 | D:5      | Bought a potion of curing for 33 gold pieces
  3832 | D:5      | Reached skill level 5 in Shapeshifting
  3928 | D:6      | Reached ***** piety under Makhleb
  4112 | D:6      | Noticed Prince Ribbit
  4116 | D:6      | Killed Prince Ribbit
  4117 | D:6      | Reached skill level 5 in Spellcasting
  4129 | D:6      | Reached XP level 9. HP: 47/47 MP: 17/17
  4219 | D:6      | Identified the +9 dagger of the Boiling Point {drain, rN+
                  | Int+3}
  4309 | D:6      | Noticed Menkaure
  4316 | D:6      | Killed Menkaure
  4384 | D:6      | Reached skill level 1 in Short Blades
  4618 | D:6      | Found a staircase to the Ecumenical Temple.
  4628 | Temple   | Entered the Ecumenical Temple
  4892 | D:7      | Noticed Dowan
  4894 | D:7      | Noticed Duvessa
  4896 | D:7      | Killed Dowan
  4901 | D:7      | Killed Duvessa
  5945 | D:8      | Reached XP level 10. HP: 54/55 MP: 15/20
  6025 | D:8      | Noticed a two-headed ogre
  6032 | D:8      | Killed a two-headed ogre
  6239 | D:8      | Found Poapeil's Book Boutique.
  6939 | D:9      | Found Fenu's Jewellery Emporium.
  7158 | D:10     | Entered Level 10 of the Dungeon
  7159 | D:10     | Noticed Psyche
  7162 | D:10     | Killed Psyche
  7278 | D:10     | Noticed Snorg
  7284 | D:10     | HP: 1/56 [Snorg (4)]
  7285 | D:10     | Demolished by Snorg

Illustrated notes

Levels and vault maps discovered:
D:1:      dpeg_arrival_simpleton_a, layout_basic,
          dreamdust_ecumenical_altar_hidden_monk_grotto, minmay_tall_x
D:2:      layout_basic, serial_rivers, chequers_serial_rivers_large_b,
          chequers_serial_rivers_micro_e, chequers_serial_rivers_micro_b,
          chequers_serial_rivers_room_b, chequers_serial_rivers_marsh,
          chequers_serial_rivers_micro_c, chequers_serial_rivers_micro_b,
          uniq_terence
D:3:      layout_rooms, nicolae_overflow_quartered_altars,
          kiku_gazebo_pond_becter, jmf_multi_god_temple
D:4:      minmay_clustersquares, layout_basic, uniq_edmund, uniq_blork_the_orc
D:5:      layout_basic, serial_shops, nicolae_shop_waterfront
D:6:      layout_basic, minmay_temple_entry_trees, serial_curves,
          eino_curves_04, eino_curves_01, minmay_manual_mess,
          uniq_prince_ribbit1, uniq_menkaure
D:7:      layout_loops_cross, serial_demonic, serial_demonic_c,
          serial_demonic_g, serial_demonic_b, serial_demonic_f, uniq_duvessa
D:8:      layout_cave_pods, serial_shops, kennysheep_little_box
D:9:      layout_basic, serial_shops, shop
D:10:     layout_basic, hiddenorc1_lemuel, uniq_erica, uniq_snorg, uniq_psyche
Temple:   hellmonk_temple_of_storms

Skill      XL: |  1  2  3  4  5  6  7  8  9 10 |
---------------+-------------------------------+-----
Fighting       | 3 4 5 7 8 |  8.3
Spellcasting   | 1 2 3 4 5 6 7 |  7.1
Unarmed Combat | 4 |  4.3
Shapeshifting  | 2 3 4 5 7 8 |  8.2
Polearms       | 2 |  2.6
Short Blades   | 2 4 |  4.2
Dodging        | |  2.4

Action                     |  1- 3 |  4- 6 |  7- 9 | 10-12 || total
---------------------------+-------+-------+-------+-------++-------
  Melee: Unarmed           |    78 |       |       |       ||    78
         Bite              |    18 |    15 |    71 |    25 ||   129
         Spear             |    25 |    68 |   116 |       ||   209
         Dagger            |       |       |   110 |    83 ||   193
  Evoke: Wand              |       |       |       |     3 ||     3
    Use: Potion            |       |       |       |     1 ||     1
   Stab: Sleeping          |       |     1 |     1 |       ||     2
 Armour: Robe              |    21 |     2 |    30 |     3 ||    56
         Steam dragon scal |       |       |       |    30 ||    30
  Dodge: Dodged            |    72 |    28 |   147 |    79 ||   326
   Form: Beast             |       |     1 |       |       ||     1

Table legend: (Time is in decaauts)
 A = Elapsed time spent in this place.
 B = Non-inter-level travel time spent in this place.
 C = Inter-level travel time spent in this place.
 D = Time resting spent in this place.
 E = Time spent auto-exploring this place.
 F = Levels seen in this place.
 G = Mean time per level.
                   A        B        C        D        E       F      G
               +--------+--------+--------+--------+--------+-----+--------+
         Total |   7301 |   7009 |    292 |      0 |   5898 |  11 |  663.7 |
       Dungeon |   7299 |   7007 |    292 |      0 |   5898 |  10 |  729.9 |
        Temple |      1 |      1 |      0 |      0 |      0 |   1 |    1.0 |
               +--------+--------+--------+--------+--------+-----+--------+

Top non-repeatable levels by time:
     D:4: 1080 daAuts
     D:6: 966 daAuts
     D:1: 896 daAuts
     D:8: 840 daAuts
     D:2: 748 daAuts
     D:9: 744 daAuts
     D:7: 663 daAuts
     D:5: 658 daAuts
     D:3: 580 daAuts
    D:10: 121 daAuts
  Temple: 1 daAuts
